 Dungeon Crawl Stone Soup version 0.20.1-1-g8b1a95d (webtiles) character file.

163 slep the Chopper (level 5, -1/40 HPs)
             Began as a Demonspawn Wanderer on Oct 22, 2017.
             Was a Follower of Qazlal.
             Slain by Blork the orc
             ... wielding a +2 dire flail of protection
              (10 damage)
             ... on level 4 of the Dungeon.
             The game lasted 00:12:57 (2341 turns).

slep the Chopper (Demonspawn Wanderer)              Turns: 2341, Time: 00:12:58

Health: -1/40      AC:  6    Str: 12    XL:     5   Next: 20%
Magic:  6/6        EV: 11    Int: 15    God:    Qazlal [*.....]
Gold:   155        SH:  1    Dex: 12    Spells: 6/6 levels left

rFire    . . .     SeeInvis .   v - +1 short sword (venom)
rCold    . . .     Gourm    .   (no shield)
rNeg     . . .     Faith    .   h - +0 leather armour (curse)
rPois    .         Spirit   .   (no helmet)
rElec    .         Reflect  .   x - scarf {repulsion}
rCorr    .         Harm     .   (no gloves)
MR       .....                  (no boots)
Stlth    ++........             (no amulet)
Regen    0.2/turn               i - ring of flight
MPRegen  0.1/turn               (no ring)

@: repel missiles
A: molten scales 2
a: Renounce Religion, Evoke Flight


You were on level 4 of the Dungeon.
You worshipped Qazlal.
Qazlal was aware of your devotion.
You were not hungry.

You visited 1 branch of the dungeon, and saw 4 of its levels.

You collected 155 gold pieces.

Inventory:

Hand Weapons
 b - a +0 hand crossbow
 d - a +0 hand axe
 f - a +0 dagger
 v - a +1 short sword of venom (weapon)
Missiles
 c - 93 bolts
Armour
 e - a +0 robe
 h - a cursed +0 leather armour (worn)
 x - a scarf of repulsion (worn)
Jewellery
 i - a ring of flight (left hand)
Scrolls
 k - 3 scrolls of identify {unknown}
 m - a scroll of amnesia {unknown}
 o - a scroll of fear {unknown}
 p - a scroll of blinking {unknown}
Potions
 l - a potion of degeneration {unknown}
 n - 2 potions of curing
 q - a potion of mutation {unknown}
 s - a potion of ambrosia {unknown}
 t - 2 potions of agility {unknown}
Books
 a - a book of Minor Magic

   Spells                             Type                      Level
   a - Magic Dart                     Conjuration                  1
   b - Blink                          Translocation                2
   c - Call Imp                       Summoning                    2
   d - Slow                           Hexes                        2
   e - Conjure Flame                  Conjuration/Fire             3
   f - Mephitic Cloud                 Conjuration/Poison/Air       3
Comestibles
 g - a bread ration
 j - 2 meat rations
 r - a fruit
 u - 9 chunks of flesh
 w - a royal jelly


   Skills:
 + Level 2.8 Fighting
 + Level 0.3 Short Blades
 + Level 4.1 Axes
 + Level 1.5 Armour
 + Level 1.0 Dodging
 + Level 2.3 Stealth
 + Level 1.0 Spellcasting
   Level 1.0 Charms
   Level 1.0 Air Magic


You had 6 spell levels left.
You didn't know any spells.

Dungeon Overview and Level Annotations

Branches:
Dungeon (4/15)
 Temple: D:4-7

Altars:
Nemelex Xobeh
Qazlal
Uskayaw

Annotations:
D:4 Blork the orc


Innate Abilities, Weirdness & Mutations

You are mostly covered in molten scales. (AC +3)


Message History

Blork the orc screams, "I'll make a cloak from your skin!"
You hit the rat.
You kill the rat!
Qazlal accepts your kill.
You hit Blork the orc but do no damage.
Blork the orc is poisoned.
Blork the orc looks braver for a moment.
You closely miss Blork the orc.
Blork the orc is lightly wounded.
Blork the orc hits you with a dire flail of protection.
You barely miss Blork the orc.
Blork the orc is lightly wounded.
Blork the orc hits you with a dire flail of protection!
* * * LOW HITPOINT WARNING * * *
You hit Blork the orc.
Blork the orc looks as sick as possible!
Blork the orc is lightly wounded.
Blork the orc miscasts a cantrip.
You feel better.
Blork the orc hits you with a dire flail of protection!
You die...

#.< #. ### #.# #. ..# #.#
.. #.# ####.# #. #.# #.....
#. #.# #..... #. #.#
####.....
#.####.##.#########........
.........o@........[.......
###################........
#........ #########


You could see Blork the orc.

Vanquished Creatures
  An ogre (D:4)
  2 adders
  2 dart slugs (D:1)
  A leopard gecko (D:1)
  An orc (D:3)
  7 bats
  5 giant cockroaches
  7 goblins
  7 hobgoblins
  4 kobolds (D:3)
  2 quokkas
  A ball python (D:1)
  4 frilled lizards
  11 rats
55 creatures vanquished.

Notes
Turn   | Place    | Note
-------+----------+-------------------------------------------
     0 | D:1      | slep the Demonspawn Wanderer began the quest for the Orb.
     0 | D:1      | slep set off with: a book of Minor Magic, a +0 hand crossbow, 26 bolts, a +0 hand axe, a +0 robe, a +0 dagger, a bread ration
     0 | D:1      | Reached XP level 1. HP: 16/16 MP: 2/2
   210 | D:1      | Reached skill level 3 in Axes
   210 | D:1      | Gained mutation: You are partially covered in molten scales. (AC +2) [demonic ancestry]
   210 | D:1      | Reached XP level 2. HP: 14/22 MP: 3/3
   952 | D:2      | Gained mutation: You are mostly covered in molten scales. (AC +3) [demonic ancestry]
   952 | D:2      | Reached XP level 3. HP: 28/28 MP: 4/4
  1003 | D:2      | Found a stormy altar of Qazlal.
  1011 | D:2      | Became a worshipper of Qazlal Stormbringer
  1708 | D:3      | Found a hide-covered altar of Uskayaw.
  1846 | D:3      | Reached * piety under Qazlal
  1957 | D:3      | Found a sparkling altar of Nemelex Xobeh.
  1988 | D:3      | Reached skill level 1 in Armour
  2145 | D:3      | Reached XP level 4. HP: 26/34 MP: 5/5
  2288 | D:4      | Noticed an ogre
  2297 | D:4      | Killed an ogre
  2297 | D:4      | Reached skill level 4 in Axes
  2297 | D:4      | Reached skill level 1 in Dodging
  2297 | D:4      | Reached XP level 5. HP: 17/40 MP: 6/6
  2328 | D:4      | Noticed Blork the orc
  2337 | D:4      | HP: 2/40 [Blork the orc/dire flail of protection (11)]
  2341 | D:4      | Slain by Blork the orc

Skill      XL: |  1  2  3  4 |
---------------+-------------+-----
Axes           | 3 4 |  4.1
Stealth        | 2 |  2.3
Armour         | 1 |  1.5
Dodging        | 1 |  1.0
Fighting       | |  2.8
Short Blades   | |  0.3
Spellcasting   | |  1.0
Charms         | |  1.0
Air Magic      | |  1.0

Action                   |  1- 3 |  4- 6 || total
-------------------------+-------+-------++-------
Melee: Hand axe          |   147 |       ||   147
       Short sword       |    11 |    19 ||    30
  Use: Potion            |     3 |     1 ||     4
 Stab: Sleeping          |     3 |       ||     3
  Eat: Chunk             |     4 |     1 ||     5
Armor: Leather armour    |    54 |     3 ||    57
       Robe              |     1 |       ||     1
Dodge: Dodged            |   102 |     8 ||   110
Block: Other             |     2 |       ||     2
